 Dungeon Crawl Stone Soup version 0.29.1-1-gd02db69 (webtiles) character file.

Game seed: 3856811023663719169

90 Kel the Chopper (level 4, -12/28 HPs)
             Began as a Gargoyle Berserker on Nov 24, 2022.
             Was a Believer of Trog.
             Killed by an exploding goblin (15 damage)
             ... ignited by their inner flame
             ... on level 3 of the Dungeon.
             The game lasted 00:04:55 (2202 turns).

Kel the Chopper (Gargoyle Berserker)                Turns: 2202, Time: 00:04:55

Health: -12/28     AC:  9    Str: 23    XL:     4   Next: 56%
Magic:  4/4        EV: 11    Int:  7    God:    Trog [**....]
Gold:   109        SH:  0    Dex: 15    Spells: 3/3 levels left

rFire   + . .      SeeInvis .   k - +3 mace
rCold   . . .      Faith    .   (no shield)
rNeg    + . .      Spirit   .   m - +0 ring mail
rPois   ∞          Reflect  .   (no helmet)
rElec   +          Harm     .   (no cloak)
rCorr   .          Rampage  .   (no gloves)
Will    .....                   (no boots)
Stlth   +.........              (no amulet)
HPRegen 0.09/turn               b - ring "Loziul" {rF+ Dex+6 Slay+4}
MPRegen 0.09/turn               (no ring)

@: no status effects
A: sickness immunity, AC +3, negative energy resistance 1, electricity
resistance, torment resistance 1, petrification resistance
a: Renounce Religion, Berserk, Trog's Hand


You were on level 3 of the Dungeon.
You worshipped Trog.
Trog was pleased with you.
You visited 1 branch of the dungeon, and saw 3 of its levels.

You collected 109 gold pieces.

Inventory:

Hand Weapons
 a - a +0 hand axe
 k - a +3 mace (weapon)
Armour
 m - a +0 ring mail (worn)
Jewellery
 b - the ring "Loziul" (left hand) {rF+ Dex+6 Slay+4}
   (You found it on level 2 of the Dungeon)

   [ring of slaying]

   Dex:       It affects your dexterity (+6).
   Slay:      It affects your accuracy & damage with ranged weapons and melee
   (+4).
   rF:        It protects you from fire.
Wands
 r - a wand of flame (21)
Scrolls
 d - a scroll of vulnerability {unknown}
 f - 2 scrolls of immolation
 g - a scroll of identify {unknown}
 h - a scroll of enchant weapon {unknown}
 i - 2 scrolls of fog {unknown}
 l - a scroll of blinking {unknown}
 p - 2 scrolls of magic mapping {unknown}
 q - a scroll of fear {unknown}
Potions
 c - a potion of heal wounds
 e - a potion of mutation {unknown}
 j - a potion of curing {unknown}
 n - a potion of berserk rage {unknown}
 o - a potion of might {unknown}


   Skills:
 - Level 3.5 Fighting
 + Level 4.3 Axes
 - Level 2.5 Armour
 - Level 1.9 Dodging


You had 3 spell levels left.
You didn't know any spells.
Your spell library was empty.

Dungeon Overview and Level Annotations

Branches:
Dungeon (3/15)

Altars:
Dithmenos

Shops:
D:3 [[


Innate Abilities, Weirdness & Mutations

You are immune to sickness and miasma.
Your stone body is resilient. (AC +3)
You are immune to poison.
You resist negative energy. (rN+)
You are resistant to electric shocks. (rElec)
You are resistant to unholy torment.
You are immune to petrification.


Message History

Trog accepts your kill.
You hear a shout!
The goblin barely misses you. The hobgoblin hits you.
The goblin hits you with a +0 club.
You are too injured to fight recklessly!
You are too injured to fight recklessly!
You closely miss the goblin.
The goblin hits you with a +0 dagger. x2
The hobgoblin hits you.
* * * LOW HITPOINT WARNING * * *
The goblin barely misses you.
You barely miss the goblin.
The goblin no longer looks unusually strong.
The goblin closely misses you. The goblin hits you with a +0 dagger.
* * * LOW HITPOINT WARNING * * *
The goblin hits you but does no damage. The hobgoblin barely misses you.
The hobgoblin hits you.
* * * LOW HITPOINT WARNING * * *
The goblin hits you but does no damage. x2; The goblin misses you.
As you read the scroll labelled KOR CEX URI, it crumbles to dust.
The creatures around you are filled with an inner flame!
It was a scroll of immolation.
The goblin hits you with a +0 dagger.
* * * LOW HITPOINT WARNING * * *
The hobgoblin closely misses you.
The goblin hits you but does no damage. x2
It was a potion of heal wounds.
You feel much better. The goblin barely misses you.
The hobgoblin completely misses you. The goblin hits you with a +0 dagger.
The goblin hits you with a +0 club.
You sock the goblin! Trog accepts your kill.
The goblin explodes!
The fiery explosion engulfs the hobgoblin!!
Trog accepts your kill. The fiery explosion engulfs you! You resist.
Ouch! That really hurt!
* * * LOW HITPOINT WARNING * * *
The fiery explosion engulfs the goblin!
Trog accepts your kill.
The goblin explodes!
The fiery explosion engulfs you! You resist.
Ouch! That really hurt!
You die...

### ..## ..# ##
###.# ##.
###...# ##.)
##g###.##
###..#
#gg§#§..###
#...##
.ggg..#@§§#)..#
###.### )g..g
##§###..###...#


.ggg ###....#...### .gg ###..#.### g. ...#...#.# . ......^...# #######...# #...#
#...# You could see 3 goblins.

Vanquished Creatures
  Terence (D:2)
  Robin (D:3)
  An adder (D:2)
  2 worms (D:2)
  2 dart slugs
  An orc (D:3)
  2 ball pythons (D:1)
  6 endoplasms
  A giant cockroach (D:1)
  6 goblins
  4 hobgoblins
  A quokka (D:1)
  5 bats
  A frilled lizard (D:1)
  2 kobolds
  4 rats (D:1)
40 creatures vanquished.

Vanquished Creatures (others)
  7 toadstools (D:1)
7 creatures vanquished.

Grand Total: 47 creatures vanquished

Notes
Turn   | Place    | Note
-------+----------+-------------------------------------------
     0 | D:1      | Kel the Gargoyle Berserker began the quest for the Orb.
     0 | D:1      | Reached XP level 1. HP: 14/14 MP: 1/1
   139 | D:1      | Reached XP level 2. HP: 14/19 MP: 2/2
   436 | D:1      | Found a faded altar of an unknown god.
  1022 | D:1      | Reached skill level 3 in Axes
  1208 | D:2      | Reached XP level 3. HP: 23/23 MP: 3/3
  1214 | D:2      | Noticed Terence
  1222 | D:2      | Killed Terence
  1222 | D:2      | Reached ** piety under Trog
  1521 | D:2      | Reached XP level 4. HP: 27/28 MP: 4/4
  1662 | D:2      | Reached skill level 4 in Axes
  1711 | D:2      | Identified the ring "Loziul" {rF+ Dex+6 Slay+4}
  2003 | D:3      | Found Tagumem's Armour Emporium.
  2016 | D:3      | Found Goguseoj's Armour Boutique.
  2111 | D:3      | Found a shadowy altar of Dithmenos.
  2184 | D:3      | Noticed Robin
  2193 | D:3      | Killed Robin
  2202 | D:3      | Killed by an exploding goblin... ignited by their inner
                  | flame

Illustrated notes

Levels and vault maps discovered:
D:1:      nagdon_arrival_zigzag_paths, layout_loops_corners,
          dilly_ecumenical_altar_fadedgnrine, hangedman_abyss_or_decor_stabs,
          minmay_misc_feat_roman
D:2:      layout_rooms, minmay_crystal_water, uniq_terence
D:3:      layout_basic, nicolae_dithmenos_the_darkroom, serial_shops,
          nicolae_shop_temple_entry_statues_fountains, shop, shop, shop,
          minmay_between, uniq_robin

Skill      XL: |  1  2  3  4 |
---------------+-------------+-----
Axes           | 3 4 |  4.3
Fighting       | |  3.5
Armour         | |  2.5
Dodging        | |  1.9

Action                   |  1- 3 |  4- 6 || total
-------------------------+-------+-------++-------
Melee: Hand axe          |    42 |       ||    42
       Mace              |    25 |    35 ||    60
  Use: Scroll            |       |     1 ||     1
       Potion            |       |     1 ||     1
Armor: Animal skin       |    17 |       ||    17
       Ring mail         |     2 |    25 ||    27
Dodge: Dodged            |    44 |    34 ||    78
